Map: Ewiger Traum LE

Players

Novastorm - Winner!

  • Race: Terran Terran
  • League: Bronze
  • Spawn Location: 1:00

EdgelordMode

  • Race: Protoss Protoss
  • Spawn Location: 7:00

VOD

Have the link to the VOD?

Description

Time

  • Played on: June 20, 2020, 9:26 a.m.
  • Length: 28:17
Show
View Real Time Build Order
Export as new Build Order

Novastorm Terran - Winner!

Build Orders:  

Get SALT Encoding   

  12  0:01  SCV  
  13  0:13  SCV  
  14  0:18  Refinery  
  14  0:27  Supply Depot  
  14  0:30  SCV  
  15  0:48  SCV  
  16  0:51  Barracks  
  16  1:00  SCV  
  16  1:01  Refinery  
  17  1:13  SCV  
  18  1:25  SCV  
  19  1:37  SCV  
  19  1:39  Supply Depot  
  20  1:49  SCV  
  20  1:50  Reaper  
  20  1:51  Ghost Academy  
  22  2:01  SCV  
  23  2:08  Factory  
  23  2:13  SCV  
  24  2:24  Personal Cloaking  
  24  2:25  SCV  
  25  2:35  Barracks Tech Lab  
  25  2:44  Supply Depot  
  25  3:20  Ghost  
  25  3:24  Factory Tech Lab  
  27  3:29  Starport  
  27  3:33  Ghost Academy  
  27  3:38  Orbital Command  
  27  3:48  Ghost  
  32  3:55  Siege Tank  
  32  4:13  Supply Depot  
  32  4:17  Command Center, Starport Reactor  
  32  4:23  Nuke  
  32  4:42  Nuke  
  32  5:04  Siege Tank  
  35  5:11  Supply Depot  
  33  6:01  Viking x2  
  35  6:25  Siege Tank  
  38  6:31  Viking x2  
  42  6:43  Engineering Bay  
  42  6:45  Supply Depot  
  42  7:01  SCV  
  43  7:02  SCV  
  44  7:13  SCV  
  44  7:15  SCV  
  46  7:19  Missile Turret  
  46  7:25  SCV  
  46  7:27  SCV  
  46  7:28  Viking x2  
  52  7:37  SCV  
  52  7:39  SCV  
  52  7:41  Missile Turret  
  54  7:48  Hi-Sec Auto Tracking  
  54  7:49  SCV  
  54  7:51  SCV  
  56  7:56  Armory  
  56  8:01  SCV  
  56  8:02  Missile Turret, Viking  
  56  8:03  SCV  
  60  8:13  SCV  
  60  8:15  SCV  
  62  8:24  Missile Turret  
  62  8:25  SCV  
  63  8:27  SCV, Supply Depot  
  64  8:37  SCV  
  64  8:39  SCV  
  66  8:45  Barracks  
  66  8:50  Starport, Terran Ship Weapons Level 1, Supply Depot  
  66  8:54  Missile Turret  
  66  8:56  Orbital Command  
  66  8:58  SCV  
  67  9:08  Refinery  
  67  9:10  SCV  
  67  9:14  Supply Depot  
  68  9:17  Refinery  
  68  9:19  Missile Turret, Viking x2  
  68  9:22  SCV  
  73  9:34  SCV  
  74  9:43  Missile Turret  
  74  9:46  SCV  
  74  9:49  Viking  
  77  10:02  Fusion Core  
  77  10:06  Missile Turret  
  77  10:07  Barracks Reactor  
  77  10:20  Starport Tech Lab  
  75  11:04  Battlecruiser  
  81  11:06  Viking  
  81  11:07  Viking  
  85  11:36  Viking  
  86  11:42  Siege Tank  
  89  12:03  Starport  
  89  12:08  Battlecruiser  
  95  12:14  Siege Tank  
  98  12:42  Command Center  
  98  12:45  Starport Tech Lab  
  98  12:47  Siege Tank  
  101  12:52  Marine  
  102  13:02  Marine x2  
  104  13:09  Marine  
  104  13:12  Battlecruiser  
  111  13:20  Marine x2  
  111  13:22  Battlecruiser  
  119  13:27  Marine  
  120  13:38  Marine x2  
  122  13:41  Viking  
  122  13:42  Viking  
  126  13:53  Marine  
  127  13:56  Marine x2  
  127  14:02  Stimpack  
  129  14:13  Marine  
  129  14:16  Battlecruiser  
  102  17:19  Planetary Fortress  
  102  17:24  Battlecruiser  
  102  17:32  Battlecruiser  
  102  17:44  Refinery x2  
  102  18:28  Battlecruiser  
  102  20:07  Battlecruiser  
  102  20:17  Battlecruiser  
  102  20:53  Viking  
  102  20:54  Viking  
  102  20:58  Marine  
  102  20:59  Marine x2  
  102  21:03  Command Center  
  102  21:11  Viking  
  102  21:16  Marine x3  
  102  21:34  Marine x3  
  102  21:51  Marine  
  102  21:52  Marine x2  
  102  22:06  Thor  
  102  22:09  Marine  
  102  22:10  Marine x2  
  102  22:18  Orbital Command  
  102  22:27  Marine  
  102  22:28  Marine x2  
  102  22:40  Combat Shield  
  102  22:45  Marine x3  
  102  22:49  Thor  
  102  23:01  Refinery  
  102  23:03  Marine  
  102  23:05  Refinery  
  102  23:15  Barracks  
  102  23:26  Fusion Core  
  102  23:31  Bunker  
  102  23:43  Battlecruiser  
  102  23:44  Battlecruiser  
  102  24:05  Factory  
  102  24:16  Missile Turret  
  102  24:23  Missile Turret x2  
  102  24:26  Missile Turret  
  102  24:27  Missile Turret x2  
  102  24:36  Missile Turret  
  102  24:47  Barracks Tech Lab  
  102  24:53  Factory Reactor  
  102  25:00  Weapon Refit  
  102  25:59  Widow Mine x2  
  102  26:13  Supply Depot  
  102  26:15  Supply Depot  
  102  26:17  Supply Depot  
  102  26:20  Supply Depot x2  
  102  26:35  Widow Mine x3  
  102  26:37  Battlecruiser  
Show
View Real Time Build Order
Export as new Build Order

EdgelordMode Protoss 

Build Orders:  

Get SALT Encoding   

  12  0:26  Probe  
  12  0:35  Probe  
  14  0:44  Pylon  
  14  0:48  Pylon  
  14  0:54  Assimilator  
  14  1:01  Probe  
  14  1:09  Probe  
  16  1:19  Gateway, Probe  
  16  1:22  Gateway  
  17  1:31  Probe  
  18  1:43  Probe  
  19  1:56  Probe  
  20  2:09  Cybernetics Core  
  20  2:14  Pylon  
  20  2:23  Pylon  
  20  2:29  Zealot x2  
  24  2:38  Forge  
  24  3:26  Photon Cannon  
  24  3:29  Photon Cannon  
  24  3:32  Warp Gate  
  24  3:37  Adept  
  26  3:42  Stalker  
  28  3:58  Pylon  
  28  4:07  Adept  
  28  4:08  Photon Cannon  
  30  4:11  Stalker  
  30  4:12  Photon Cannon  
  32  4:37  Zealot  
  34  4:41  Stalker  
  34  4:44  Photon Cannon  
  36  5:22  Gateway  
  36  5:23  Gateway  
  36  5:27  Gateway  
  36  5:28  Gateway  
  36  6:09  Pylon  
  36  6:27  Photon Cannon  
  36  6:52  Pylon  
  36  7:02  Photon Cannon  
  36  7:04  Photon Cannon  
  36  7:06  Stalker x3  
  36  7:07  Stalker x3  
  48  7:21  Twilight Council, Assimilator  
  48  7:54  Stalker x3, Pylon  
  48  7:55  Stalker x3  
  60  8:41  Pylon  
  60  9:06  Nexus  
  56  10:03  Pylon  
  56  10:22  Pylon  
  56  10:31  Pylon  
  43  10:43  Stalker x2  
  43  10:44  Stalker  
  43  10:45  Stalker x2  
  43  11:01  Probe  
  44  11:13  Probe  
  44  11:17  Stargate  
  45  11:25  Probe  
  46  11:33  Zealot x4  
  46  11:34  Zealot x2  
  46  11:37  Probe  
  59  11:49  Probe  
  60  12:11  Stargate  
  60  12:22  Void Ray  
  64  12:30  Assimilator  
  64  12:32  Assimilator  
  64  12:57  Stalker x3  
  70  12:59  Zealot  
  70  13:00  Zealot x2  
  70  13:05  Void Ray  
  80  13:12  Void Ray  
  84  13:20  Probe  
  85  13:28  Probe  
  86  13:42  Zealot x4  
  94  14:09  Charge  
  94  14:13  Void Ray  
  46  14:52  Phoenix  
  48  14:53  Stargate  
  48  14:54  Stargate  
  48  14:55  Stargate  
  48  14:57  Phoenix  
  24  15:17  Phoenix  
  24  15:21  Stalker x2  
  20  15:22  Phoenix  
  24  15:42  Phoenix  
  16  16:01  Phoenix  
Tags
 
League
Bronze
Matchup
PvT
Spawn Locations
Cross Positions
Add a new tag
Caveats
  • Supply blocks, unpowered buildings, or Contaminate may cause inaccurate times.
  • Supply counts are checked every 10 seconds.